 Dungeon Crawl Stone Soup version 0.28.0-53-g5a82cb258f (webtiles) character file.

Game seed: 8572602182291491586

267 concernfroge the Conjurer (level 6, -4/32 HPs)
             Began as a Deep Elf Conjurer on July 12, 2022.
             Shot with an arrow by a centaur (10 damage)
             ... on level 4 of the Dungeon.
             The game lasted 00:10:01 (3312 turns).

concernfroge the Conjurer (Deep Elf Conjurer)       Turns: 3312, Time: 00:10:02

Health: -4/32      AC:  4    Str:  4    XL:     6   Next: 0%
Magic:  4/16       EV: 12    Int: 25    God:
Gold:   27         SH:  0    Dex: 13    Spells: 2/16 levels left

rFire   + . .      SeeInvis .   (no weapon)
rCold   . . .      Faith    .   (no shield)
rNeg    . . .      Spirit   .   m - +0 robe of Ashenzari's Delight {rF+ Will+}
rPois   .          Reflect  .   (no helmet)
rElec   .          Harm     .   d - +0 cloak
rCorr   .          Rampage  .   (no gloves)
Will    +....                   e - +0 pair of boots
Stlth   ++........              (no amulet)
HPRegen 0.10/turn               (no ring)
MPRegen 0.15/turn               (no ring)

@: very slightly contaminated, slowed, very slow
A: no striking features
a: no special abilities


You were on level 4 of the Dungeon.
You visited 1 branch of the dungeon, and saw 4 of its levels.

You collected 125 gold pieces.
You spent 98 gold pieces at shops.

Inventory:

Missiles
 h - a throwing net
Armour
 d - a +0 cloak (worn)
 e - a +0 pair of boots (worn)
 m - the +0 robe of Ashenzari's Delight (worn) {rF+ Will+}
   (You found it on level 3 of the Dungeon)

   rF:        It protects you from fire.
   Will:      It increases your willpower.
Jewellery
 n - a ring of fire
Wands
 k - a wand of flame (24)
Scrolls
 a - a scroll of immolation {unknown}
 f - a scroll of blinking {unknown}
 j - a scroll of teleportation
 l - a scroll of summoning {unknown}
 o - a scroll of enchant armour {unknown}
Potions
 b - 2 potions of ambrosia
 c - a potion of lignification
 g - 2 potions of resistance
 i - a potion of brilliance


   Skills:
 - Level 2.4 Dodging
 - Level 2.4 Stealth
 + Level 5.6 Spellcasting
 + Level 6.0 Conjurations
 + Level 3.6 Hexes


You had 2 spell levels left.
You knew the following spells:

 Your Spells              Type           Power      Damage    Failure   Level
a - Magic Dart            Conj           100%       1d8       1%          1
b - Searing Ray           Conj           74%        2d7       1%          2
c - Dazzling Flash        Conj/Hex       62%        N/A       3%          3
d - Fulminant Prism       Conj/Hex       15%        3d11      11%         4
e - Iskenderun's Mystic   Conj/Tloc      22%        2d6       22%         4

Your spell library contained the following spells:

 Spells                   Type           Power      Damage    Failure   Level
 Sandblast                Erth           14%        2d6       8%          1
 Passwall                 Tmut/Erth      5%         N/A       12%         2
 Stone Arrow              Conj/Erth      44%        3d9       7%          3
 Inner Flame              Hex/Fire       16%        N/A       11%         3
 Cause Fear               Hex            12%        N/A       17%         4
 Discord                  Hex            12%        N/A       100%        8


Dungeon Overview and Level Annotations

Branches:
Dungeon (4/15)
 Temple: D:4-7

Altars:

Shops:
D:2 ?


Message History

Confirm with . or Enter, or press ? or * to list all spells.
The spell is extremely dangerous to miscast (11% risk of failure)!
Continue anyway?
Aiming: Fulminant Prism (extremely dangerous; 11% risk of failure)
Press: ? - help, Dir - move target You conjure a prism of explosive energy!
A fulminant prism comes into view.
The hound skeleton bites your fulminant prism.
Your fulminant prism crackles loudly.
The hound skeleton bites your fulminant prism but does no damage.
Your fulminant prism explodes!
The blast of energy engulfs the hound skeleton!
You destroy the hound skeleton!
Your Conjurations skill increases to level 6!
You have reached level 6!
Okay, then.
A centaur comes into view.
Casting: Fulminant Prism (quite dangerous; 11% risk of failure)
Confirm with . or Enter, or press ? or * to list all spells.
The spell is quite dangerous to miscast (11% risk of failure)!
Continue anyway?
Aiming: Fulminant Prism (quite dangerous; 11% risk of failure)
Press: ? - help, Dir - move target You miscast Fulminant Prism.
You are very lightly contaminated with residual magic.
Strange energies run through your body.
You feel yourself slow down.
The centaur shouts!
The centaur wields a +0 shortbow.
The centaur shoots an arrow.
The arrow hits you!
The centaur shoots an arrow.
The arrow hits you!
Okay, then.
Unknown command.
Okay, then.
Okay, then.
The centaur shoots an arrow.
The arrow hits you.
The centaur shoots an arrow.
The arrow hits you!
* * * LOW HITPOINT WARNING * * *
A goblin comes into view. It is wielding a +0 dagger.
Okay, then.
Okay, then.
The centaur shoots an arrow.
The arrow misses you.
The centaur shoots an arrow.
The arrow hits you!
You die...

###########
#...<....†#
#.#######.#
#.#
#.#.########.#
#...g>@......#
#........c.###
#..#######.#
#. #.# #.# .
#.#######.)..
#.c...c..))..
#########....
.


You could see a centaur and a goblin.

Vanquished Creatures
  Crazy Yiuf (D:2)
  Terence (D:2)
  Natasha (thrice) (D:3)
  An iguana (D:3)
  A hound skeleton (D:4)
  3 gnolls (D:4)
  2 adders (D:3)
  A dart slug (D:2)
  5 ball pythons
  5 bats
  5 endoplasms
  4 giant cockroaches
  4 goblins (D:1)
  6 hobgoblins
  2 quokkas
  6 frilled lizards
  6 kobolds
  3 rats
59 creatures vanquished.

Vanquished Creatures (others)
  2 fulminant prisms (D:4)
2 creatures vanquished.

Grand Total: 61 creatures vanquished

Notes
Turn   | Place    | Note
-------+----------+-------------------------------------------
     0 | D:1      | concernfroge the Deep Elf Conjurer began the quest for the
                  | Orb.
     0 | D:1      | Reached XP level 1. HP: 10/10 MP: 6/6
   121 | D:1      | Reached XP level 2. HP: 15/15 MP: 1/8
   555 | D:1      | Reached skill level 5 in Conjurations
   555 | D:1      | Reached XP level 3. HP: 19/19 MP: 6/10
   558 | D:1      | Learned a level 2 spell: Searing Ray
   562 | D:1      | Learned a level 3 spell: Dazzling Flash
   875 | D:2      | Found Cafrany's Magic Scroll Emporium.
   883 | D:2      | Bought a scroll of identify for 28 gold pieces
  1131 | D:2      | Noticed Terence
  1140 | D:2      | Killed Terence
  1141 | D:2      | Reached skill level 1 in Hexes
  1428 | D:2      | Found a runed translucent door.
  1429 | D:2      | Noticed Crazy Yiuf
  1436 | D:2      | Killed Crazy Yiuf
  1437 | D:2      | Reached XP level 4. HP: 3/24 MP: 5/12
  1700 | D:2      | Learned a level 4 spell: Fulminant Prism
  1754 | D:2      | Bought a scroll of identify for 28 gold pieces
  1922 | D:2      | Bought a scroll of teleportation for 42 gold pieces
  1940 | D:3      | Noticed Natasha
  1945 | D:3      | Killed Natasha
  2137 | D:3      | Reached skill level 5 in Spellcasting
  2190 | D:3      | Reached XP level 5. HP: 28/28 MP: 10/14
  2195 | D:3      | Learned a level 4 spell: Iskenderun's Mystic Blast
  2265 | D:3      | Identified the +0 robe of Ashenzari's Delight {rF+ Will+}
  2446 | D:3      | Noticed Natasha
  2454 | D:3      | Killed Natasha
  3090 | D:3      | Noticed Natasha
  3096 | D:3      | Killed Natasha
  3299 | D:4      | Reached skill level 6 in Conjurations
  3299 | D:4      | Reached XP level 6. HP: 32/32 MP: 5/16
  3312 | D:4      | Shot with an arrow by a centaur

Illustrated notes

Levels and vault maps discovered:
D:1:      dpeg_arrival_tiny_d, layout_rooms, st_stairs_6
D:2:      layout_rooms, serial_shops, shop, minivault_24, st_stairs_8,
          chequers_serial_rivers_micro_d, uniq_crazy_yiuf_cottage, uniq_terence
D:3:      minmay_door_path, layout_loops_ring, uniq_natasha
D:4:      layout_loops_ring, minmay_temple_entry_statues

Skill      XL: |  1  2  3  4  5 |
---------------+----------------+-----
Spellcasting   | 4 5 |  5.6
Conjurations   | 5 6 |  6.0
Hexes          | 2 3 |  3.6
Dodging        | |  2.4
Stealth        | |  2.4

Action                   |  1- 3 |  4- 6 || total
-------------------------+-------+-------++-------
 Cast: Magic Dart        |    58 |    33 ||    91
       Searing Ray       |     4 |     5 ||     9
       Fulminant Prism   |       |     2 ||     2
  Use: Scroll            |     1 |     3 ||     4
Dodge: Dodged            |     4 |     3 ||     7
